Map: 16 bits EC

Players

Gamergaard

  • Race: Protoss Protoss
  • League: Diamond
  • Spawn Location: 7:00

HoldTheDoor - Winner!

  • Race: Protoss Protoss
  • League: Diamond
  • Spawn Location: 1:00

VOD

Have the link to the VOD?

Description

Time

  • Played on: July 5, 2018, 10:33 a.m.
  • Length: 16:46
Show
View Real Time Build Order
Export as new Build Order

Gamergaard Protoss 

Build Orders: Blink Stalkers 

Get SALT Encoding   

  1  0:00  Probe  
  12  0:05  Probe  
  14  0:15  Probe  
  15  0:23  Pylon  
  15  0:41  Probe, Gateway  
  16  0:52  Probe  
  17  0:57  Gateway  
  17  1:00  Probe  
  17  1:08  Probe  
  18  1:12  Assimilator  
  18  1:14  Assimilator  
  19  1:21  Probe  
  20  1:31  Cybernetics Core  
  20  1:44  Pylon  
  20  1:48  Probe  
  21  1:58  Probe  
  22  2:07  Stalker  
  22  2:08  Stalker  
  26  2:12  Probe  
  26  2:16  Warp Gate  
  26  2:21  Shield Battery  
  27  2:35  Probe  
  28  2:40  Stalker  
  30  2:47  Stalker  
  31  2:51  Pylon  
  31  3:11  Stalker  
  33  3:17  Stalker  
  33  3:18  Twilight Council  
  35  3:35  Robotics Facility  
  35  3:43  Blink  
  35  4:21  Nexus  
  35  4:23  Observer  
  36  4:27  Stalker  
  38  4:34  Pylon  
  38  4:46  Observer  
  39  4:54  Stalker x2  
  43  5:00  Pylon  
  43  5:06  Gateway  
  43  5:20  Gateway  
  43  5:34  Immortal  
  47  5:36  Probe  
  47  5:38  Probe  
  49  5:48  Probe  
  50  5:50  Probe  
  50  5:55  Observer  
  46  6:26  Stalker x2  
  46  6:30  Probe x2  
  50  6:38  Probe x2  
  52  6:44  Stalker x2  
  58  6:58  Probe  
  58  6:59  Probe  
  58  7:00  Assimilator  
  60  7:02  Nexus  
  60  7:04  Shield Battery, Assimilator  
  60  7:06  Probe  
  60  7:11  Probe  
  60  7:15  Probe  
  63  7:23  Probe x2  
  65  7:31  Probe  
  65  7:32  Protoss Air Weapons Level 1  
  65  7:35  Probe  
  67  7:37  Stargate x2  
  67  7:42  Stargate  
  67  8:04  Pylon  
  67  8:06  Probe x2  
  67  8:11  Pylon  
  69  8:13  Pylon  
  69  8:17  Void Ray  
  69  8:19  Pylon  
  69  8:23  Void Ray  
  69  8:24  Pylon  
  77  8:34  Void Ray  
  77  8:53  Void Ray  
  77  9:00  Shield Battery  
  81  9:03  Shield Battery  
  81  9:04  Shield Battery  
  81  9:07  Stalker x2  
  85  9:12  Protoss Air Armor Level 1  
  85  9:16  Void Ray  
  89  9:26  Observer  
  89  9:29  Observer  
  90  9:32  Void Ray  
  94  9:55  Void Ray  
  98  10:02  Cybernetics Core, Probe x3  
  101  10:14  Assimilator, Probe x2  
  101  10:15  Probe  
  101  10:17  Assimilator  
  104  10:23  Probe  
  104  10:25  Fleet Beacon  
  104  10:26  Probe  
  104  10:27  Probe  
  107  10:29  Observer  
  107  10:33  Probe  
  108  10:38  Probe  
  108  10:39  Probe  
  111  10:44  Probe  
  111  10:49  Void Ray  
  116  10:52  Twilight Council  
  116  10:55  Dark Shrine  
  116  11:00  Probe  
  116  11:01  Probe x2  
  119  11:10  Carrier  
  125  11:15  Pylon  
  125  11:31  Carrier  
  125  11:33  Protoss Air Weapons Level 2, Observer  
  125  11:35  Protoss Air Armor Level 2  
  125  11:39  Pylon  
  132  11:40  Pylon  
  132  11:43  Observer  
  132  11:46  Carrier  
  132  11:47  Observer  
  138  12:12  Nexus  
  138  12:13  Observer  
  139  12:31  Stargate  
  139  12:32  Dark Templar  
  139  12:33  Dark Templar  
  143  12:37  Pylon  
  143  12:40  Pylon, Carrier  
  143  12:44  Assimilator  
  143  12:48  Assimilator  
  149  13:00  Mothership  
  157  13:15  Graviton Catapult  
  157  13:26  Probe x3  
  160  13:34  Carrier  
  166  13:46  Shield Battery  
  164  13:49  Shield Battery  
  164  13:52  Shield Battery  
  164  13:57  Carrier x2  
  164  14:00  Probe x3  
  179  14:08  Archon  
  179  14:12  Probe  
  180  14:32  Pylon  
  180  14:33  Nexus  
  180  14:36  Pylon x2  
  180  14:37  Assimilator  
  180  14:41  Assimilator  
  180  14:45  Pylon  
  180  14:48  Pylon  
  180  14:50  Probe x2, Carrier  
  188  14:54  Probe  
  188  14:55  Observer  
  190  15:01  Carrier  
  190  15:02  Probe  
  197  15:12  Forge  
  197  15:16  Observer  
  196  15:24  Probe x2  
  196  15:25  Probe x2  
  198  15:42  Observer  
  192  15:55  Stargate  
  198  15:58  Stargate  
  198  16:06  Probe x2  
Show
View Real Time Build Order
Export as new Build Order

HoldTheDoor Protoss - Winner!

Build Orders:  

Get SALT Encoding   

  12  0:00  Probe  
  13  0:13  Probe  
  14  0:20  Pylon  
  14  0:25  Probe  
  15  0:37  Probe  
  15  0:41  Gateway  
  16  0:45  Assimilator, Probe  
  17  0:54  Probe  
  17  0:56  Assimilator  
  18  1:06  Probe  
  20  1:18  Probe  
  20  1:30  Probe  
  21  1:33  Cybernetics Core  
  21  1:38  Pylon  
  21  1:42  Probe  
  22  1:53  Probe  
  22  2:01  Probe  
  24  2:09  Stalker, Probe  
  24  2:11  Protoss Air Weapons Level 1  
  27  2:22  Probe  
  28  2:38  Probe  
  29  2:47  Nexus  
  29  2:51  Stargate  
  29  2:56  Stalker  
  31  3:04  Pylon  
  31  3:12  Shield Battery  
  31  3:22  Probe, Pylon  
  33  3:34  Probe  
  33  3:36  Assimilator  
  33  3:37  Void Ray  
  37  3:46  Probe  
  38  3:48  Stalker  
  38  3:53  Protoss Air Armor Level 1  
  40  3:58  Probe, Pylon  
  41  4:06  Assimilator, Probe  
  42  4:18  Stalker  
  42  4:23  Probe  
  42  4:24  Probe  
  46  4:33  Void Ray  
  46  4:37  Probe  
  51  4:39  Probe  
  52  4:50  Robotics Facility  
  52  4:53  Stalker  
  52  4:58  Probe x2  
  56  5:14  Fleet Beacon  
  56  5:19  Void Ray  
  60  5:22  Probe  
  60  5:23  Probe  
  62  5:33  Stalker  
  62  5:34  Probe  
  62  5:35  Probe  
  66  5:37  Observer  
  67  5:46  Forge  
  67  5:47  Forge  
  67  5:50  Cybernetics Core  
  67  5:57  Pylon  
  67  6:00  Probe x2  
  67  6:01  Protoss Ground Weapons Level 1  
  69  6:07  Protoss Shields Level 1  
  67  6:12  Probe  
  66  6:23  Stalker  
  68  6:26  Carrier  
  68  6:39  Graviton Catapult  
  74  6:45  Pylon  
  74  6:48  Gateway  
  74  6:51  Stargate  
  74  6:53  Protoss Air Weapons Level 2  
  74  7:02  Warp Gate  
  74  7:06  Pylon  
  74  7:08  Photon Cannon  
  74  7:12  Pylon  
  74  7:19  Stalker  
  76  7:24  Pylon  
  76  7:38  Carrier  
  82  7:48  Twilight Council  
  82  7:55  Protoss Ground Armor Level 1  
  82  8:04  Pylon  
  82  8:09  Immortal  
  86  8:16  Zealot x2  
  86  8:19  Carrier  
  96  8:37  Probe  
  97  8:52  Protoss Ground Weapons Level 2  
  97  9:05  Nexus  
  97  9:08  Pylon  
  97  9:09  Carrier  
  103  9:11  Pylon  
  103  9:14  Assimilator  
  103  9:16  Assimilator  
  103  9:17  Charge  
  103  9:22  Gateway  
  103  9:23  Gateway  
  103  9:25  Pylon  
  103  9:27  Gateway  
  103  9:28  Gateway  
  103  9:30  Zealot x2  
  107  9:45  Carrier  
  113  9:59  Probe x2  
  115  10:03  Zealot x2  
  115  10:05  Protoss Air Weapons Level 3  
  119  10:19  Probe x2, Photon Cannon  
  121  10:22  Probe  
  122  10:31  Probe x2  
  122  10:32  Zealot x2  
  122  10:33  Zealot  
  122  10:34  Probe  
  131  10:44  Protoss Ground Armor Level 2  
  131  10:48  Carrier  
  137  10:53  Protoss Shields Level 2  
  137  10:56  Observer  
  138  11:11  Protoss Air Armor Level 2  
  138  11:25  Pylon  
  138  11:27  Zealot x2  
  138  11:31  Pylon  
  141  11:33  Observer  
  142  11:40  Pylon  
  142  11:43  Pylon  
  142  11:46  Carrier  
  148  11:53  Stargate  
  148  11:57  Stargate  
  148  11:58  Pylon  
  148  12:00  Probe  
  148  12:01  Probe  
  150  12:03  Probe  
  151  12:17  Observer  
  152  12:25  Photon Cannon  
  152  12:27  Shield Battery, Photon Cannon  
  152  12:37  Probe  
  153  12:38  Zealot x2  
  153  12:39  Zealot x4  
  153  12:44  Protoss Ground Weapons Level 3  
  164  12:58  Void Ray x2  
  164  13:02  Void Ray  
  176  13:30  Templar Archives  
  176  13:41  Pylon  
  176  13:46  Pylon  
  176  13:48  Nexus  
  176  13:51  Pylon  
  176  13:53  Probe x2  
  178  13:57  Pylon  
  178  14:07  Protoss Ground Armor Level 3  
  178  14:11  High Templar x4  
  178  14:12  High Templar x2  
  178  14:15  Archon x2  
  189  14:17  Archon  
  189  14:24  Gateway  
  189  14:28  Gateway  
  189  14:31  Void Ray, Gateway  
  189  14:33  Gateway  
  193  14:38  Void Ray  
  197  14:49  Assimilator  
  197  14:53  Shield Battery  
  197  14:55  Photon Cannon  
  197  14:57  Photon Cannon  
  197  15:23  Photon Cannon  
  197  15:24  Photon Cannon  
  197  15:27  Photon Cannon  
  197  15:44  Pylon  
  197  15:47  Photon Cannon  
  197  15:48  Photon Cannon  
  197  15:49  Pylon  
  197  15:53  Pylon  
  197  15:55  Assimilator  
  197  16:02  Pylon  
  197  16:04  Photon Cannon x2  
  197  16:06  Photon Cannon  
  197  16:07  Photon Cannon  
  197  16:10  Shield Battery  
  197  16:11  Shield Battery  
  197  16:15  Pylon  
  197  16:17  Photon Cannon  
Tags
 
Composition
Blink Stalkers
Matchup
PvP
Spawn Locations
Cross Positions
Add a new tag
Caveats
  • Supply blocks, unpowered buildings, or Contaminate may cause inaccurate times.
  • Supply counts are checked every 10 seconds.